 Dungeon Crawl Stone Soup version 0.32-a0-673-g3729bd50f8 (webtiles) character file.

Game seed: 14981293670130855682

5644 pisaster the Carver (level 10, -4/83 HPs)
             Began as a Coglin Delver on Mar 11, 2024.
             Was an Elder of Wu Jian.
             Slain by an orange demon (11 damage)
             ... led by Amaemon
             ... on level 9 of the Dungeon.
             The game lasted 00:33:30 (10277 turns).

pisaster the Carver (Coglin Delver)                Turns: 10277, Time: 00:33:30

Health: -4/83      AC:  5    Str: 12    XL:     10   Next: 74%
Magic:  10/10      EV: 12    Int: 10    God:    Wu Jian [****..]
Gold:   353        SH:  0    Dex: 20    Spells: 9/9 levels left

rFire   . . .        h - +0 long sword {Bianca}
rCold   . . .        a - +0 falchion {Wu}
rNeg    . . .        A - +0 robe of Ennui {Regen+ rCorr SInv}
rPois   .            l - +0 helmet
rElec   .            e - +0 cloak
rCorr   +            (no gloves)
SInv    +            q - +0 pair of boots
Will    .....        (amulet unavailable)
Stlth   +++          (ring unavailable)
HPRegen 1.13/turn    (ring unavailable)
MPRegen 0.12/turn    (no gizmo)

%: no passive effects
@: revving
A: off-hand wielding, slow wielding, warmup strikes, no jewellery
a: Invent Gizmo, Renounce Religion, Wall Jump, Serpent's Lash


You were on level 9 of the Dungeon.
You worshipped Wu Jian.
Wu Jian was greatly pleased with you.
You visited 1 branch of the dungeon, and saw 9 of its levels.

You collected 353 gold pieces.

Inventory:

Hand Weapons
 a - a +0 falchion (offhand) {Wu}
 h - a +0 long sword (weapon) {Bianca}
 i - a +3 dagger {Quihuxte}
Missiles
 v - 9 poisoned darts (quivered)
Armour
 e - a +0 cloak (worn)
 l - a +0 helmet (worn)
 q - a +0 pair of boots (worn)
 x - a +2 robe of fire resistance
 y - +0 steam dragon scales
 A - the +0 robe of Ennui (worn) {Regen+ rCorr SInv}
   (You found it on level 9 of the Dungeon)

   SInv:      It lets you see invisible.
   Regen+:    It increases your rate of health regeneration.
   rCorr:     It protects you from acid and corrosion.
Wands
 f - a wand of paralysis (12)
 g - a wand of digging (8)
 w - a wand of roots (5)
Scrolls
 b - 2 scrolls of immolation {unknown}
 c - 2 scrolls of fog
 d - a scroll of revelation
 j - a scroll of silence {unknown}
 p - 3 scrolls of enchant armour {unknown}
 r - a scroll of blinking {unknown}
Potions
 k - a potion of mutation
 m - 2 potions of enlightenment
 n - a potion of brilliance
 s - a potion of lignification {unknown}
 t - a potion of heal wounds {unknown}
 u - 2 potions of cancellation
 z - 2 potions of might


   Skills:
 + Level 9.4 Fighting
 * Level 12.5 Long Blades
 - Level 1.7 Dodging
 - Level 4.1 Stealth
 - Level 5.0 Evocations


You had 9 spell levels left.
You didn't know any spells.
Your spell library contained the following spells:

 Spells                   Type           Power      Damage    Failure   Level
 Freeze                   Ice            0%         1d3       36%         1
 Summon Small Mammal      Summ           0%         N/A       36%         1
 Call Canine Familiar     Summ           0%         N/A       75%         3
 Frozen Ramparts          Ice            0%         1d1       75%         3
 Hailstorm                Conj/Ice       0%         3d5       75%         3
 Leda's Liquefaction      Alch/Erth      0%         N/A       98%         4
 Petrify                  Alch/Erth      0%         N/A       98%         4
 Summon Blazeheart Golem  Fire/Summ      0%         N/A       98%         4
 Metabolic Englaciation   Hex/Ice        0%         N/A       100%        5


Dungeon Overview and Level Annotations

Branches:
Dungeon (9/15)             Temple (0/1) D:7            Lair (0/5) D:9
    Orc: D:9-12

Altars:
Ashenzari
Elyvilon
Hepliaklqana
Nemelex Xobeh
Sif Muna
Wu Jian
Xom
Yredelemnul
The Shining One

Annotations:
D:2 exclusions: door and hobgoblin, Sigmund
D:7 Menkaure


Innate Abilities, Weirdness & Mutations

You can wield a second weapon in your off-hand.
It takes a long time for you to wield or remove held weapons.
Your first few attacks do less damage.
You cannot equip rings or amulets.


Message History

You slash the scorpion with your +0 falchion!
You kill the scorpion!
The scorpion's corpse disappears in a puff of smoke!
You are no longer poisoned.
You closely miss Amaemon with your +0 falchion.
Amaemon is heavily wounded.
You completely miss Amaemon with your +0 long sword.
Amaemon barely misses you. Amaemon closely misses you. Amaemon tail-slaps you.
You hit Amaemon with your +0 long sword.
Amaemon is heavily wounded.
You miss Amaemon with your +0 falchion. You hit Amaemon but do no damage.
Amaemon is heavily wounded.
You slash Amaemon with your +0 long sword!
Amaemon hits you with a -1 demon whip of venom.
Amaemon claws you. Amaemon tail-slaps you!
You hit Amaemon with your +0 falchion.
Amaemon is heavily wounded.
You barely miss Amaemon with your +0 long sword.
Amaemon hits you with a -1 demon whip of venom!
* * * LOW HITPOINT WARNING * * *
You are poisoned.
Amaemon claws you.
* * * LOW HITPOINT WARNING * * *
Amaemon tail-slaps you.
* * * LOW HITPOINT WARNING * * *
You feel better. Amaemon closely misses you. x2
Amaemon tail-slaps you but does no damage.
Aiming: Fastroot
Press: ? - help, Shift-Dir - straight line, f - Amaemon
Aim: Amaemon, wielding a -1 demon whip of venom (heavily wounded)
The roots erupt in riotous growth!
Roots grab Amaemon.
Roots grab the scorpion.
Roots grab the orange demon.
The grasping roots constrict Amaemon.
The grasping roots constrict the scorpion!
The grasping roots constrict the orange demon.
You hear a shout!
Amaemon hits you with a -1 demon whip of venom!
* * * LOW HITPOINT WARNING * * *
You are poisoned.
Amaemon claws you but does no damage.
Amaemon tail-slaps you but does no damage.
The orange demon stings you but does no damage.
The grasping roots constrict Amaemon.
The grasping roots constrict the scorpion!
You kill the scorpion!
The scorpion's corpse disappears in a puff of smoke!
The grasping roots constrict the orange demon!
The orange demon struggles to escape constriction.
Amaemon struggles to escape constriction.
The roots lose their grip on something. x2
Amaemon mumbles some strange words.
Okay, then.
Unknown command.
Okay, then.
Unknown command.
Aiming: Fastroot
Press: ? - help, Shift-Dir - straight line, f/p - Amaemon
Aim: Amaemon, wielding a -1 demon whip of venom (severely wounded)
The roots erupt in riotous growth!
Roots grab the scorpion.
Roots grab Amaemon.
The grasping roots constrict the scorpion!
The grasping roots constrict Amaemon!
The roots lose their grip on Amaemon.
The roots lose their grip on the scorpion.
Aiming: Fastroot
Press: ? - help, Shift-Dir - straight line, f/p - Amaemon
Aim: Amaemon, wielding a -1 demon whip of venom (severely wounded)
The roots erupt in riotous growth!
Roots grab Amaemon.
Roots grab the scorpion.
The grasping roots constrict Amaemon!
The grasping roots constrict the scorpion.
The scorpion escapes!
The grasping roots constrict Amaemon!
You are no longer poisoned.
Amaemon casts a spell.
Aiming: Fastroot
Press: ? - help, Shift-Dir - straight line, f - scorpion, p - Amaemon
Aim: a scorpion (summoned)
The roots erupt in riotous growth!
Roots grab the scorpion.
Amaemon is unaffected.
The grasping roots constrict Amaemon.
You kill Amaemon!
The scorpion disappears in a puff of smoke!
The roots lose their grip on the scorpion.
The scorpion disappears in a puff of smoke!
Aiming: Fastroot
Press: ? - help, Shift-Dir - straight line, f - orange demon
Aim: an orange demon (moderately wounded, concentrated venom)
The roots erupt in riotous growth!
Roots grab the orange demon.
The grasping roots constrict the orange demon!
The orange demon escapes!
Aiming: Fastroot
Press: ? - help, Shift-Dir - straight line, f/p - orange demon
Aim: an orange demon (heavily wounded, concentrated venom)
The roots erupt in riotous growth!
Roots grab the orange demon.
The grasping roots constrict the orange demon.
The orange demon stings you from afar!
You die...

#......# #...s..#
#...§..# #####4##
#§...# #)#### #4#
#.# ########
##@##### #.......
#......# #.......
#......# #.......
#......#####.......
#......'..##.......
#......##..#...)...
#......###.........
####'#######.......
#..†.# ###.####


You could see an orange demon (curare, rooted).

Vanquished Creatures
  Amaemon (D:9)
  Joseph (D:9)
  Jeremiah (D:8)
  A wyvern (D:8)
  A steam dragon (D:8)
  Eustachio (D:6)
  A water moccasin (D:7)
  Duvessa (D:6)
  2 orc warriors
  3 sky beasts
  3 black bears (D:5)
  An elephant zombie (D:9)
  3 centaurs
  A kobold brigand (D:8)
  2 bullfrogs
  A gnoll sergeant (D:9)
  3 scorpions
  4 wights (D:8)
  Dowan (D:6)
  16 killer bees
  5 howler monkeys
  2 centaur zombies (D:9)
  A human zombie (D:9)
  4 jellies
  4 hounds
  6 orc priests
  A sleepcap (D:4)
  A gnoll bouda (D:8)
  4 iguanas
  6 orc wizards
  4 scorpion zombies (D:9)
  2 ogre zombies (D:9)
  2 hound zombies (D:9)
  A howler monkey zombie (D:9)
  7 gnolls
  8 adders
  A shadow imp (D:7)
  3 white imps (D:5)
  2 ufetubi (D:5)
  2 adder zombies (D:9)
  A dart slug (D:2)
  5 ribbon worms
  33 orcs
  3 ball pythons
  6 endoplasms
  3 giant cockroaches
  8 hobgoblins
  4 jackals (D:2)
  3 quokkas
  7 bats
  2 frilled lizards
  7 goblins
  2 goblin skeletons (D:5)
  A goblin zombie (D:5)
  4 hobgoblin zombies (D:5)
  10 kobolds
  A kobold skeleton (D:5)
  2 orc zombies (D:5)
  4 rats
220 creatures vanquished.

Vanquished Creatures (others)
  A goblin (D:6)
1 creature vanquished.

Grand Total: 221 creatures vanquished

Notes
Turn   | Place    | Note
-------+----------+-------------------------------------------
     0 | D:5      | pisaster the Coglin Delver began the quest for the Orb.
     0 | D:5      | Reached XP level 1. HP: 18/18 MP: 1/1
   102 | D:3      | Reached XP level 2. HP: 23/24 MP: 2/2
   379 | D:1      | Reached skill level 3 in Long Blades
   392 | D:1      | Reached XP level 3. HP: 29/29 MP: 3/3
   892 | D:2      | Noticed Sigmund
  1004 | D:2      | Reached XP level 4. HP: 30/36 MP: 4/4
  1345 | D:2      | Identified the ring of Bitoth {+Blink rC- rCorr Int+4 SInv}
  1793 | D:3      | Reached skill level 4 in Long Blades
  1850 | D:3      | Found an ornate altar of the Wu Jian Council.
  1868 | D:3      | Became a worshipper of the Wu Jian Council
  2308 | D:4      | Reached XP level 5. HP: 11/42 MP: 5/5
  2726 | D:4      | HP: 1/43 [iguana (3)]
  2728 | D:4      | Reached skill level 5 in Long Blades
  2728 | D:4      | Reached XP level 6. HP: 2/49 MP: 6/6
  3283 | D:4      | Reached * piety under Wu Jian
  3520 | D:5      | Noticed a black bear
  3758 | D:4      | HP: 2/50 [orc/+0 flail (6)]
  4139 | D:4      | Reached skill level 6 in Long Blades
  4171 | D:5      | Reached skill level 5 in Fighting
  4189 | D:5      | Reached XP level 7. HP: 53/56 MP: 7/7
  4346 | D:5      | Reached skill level 7 in Long Blades
  4432 | D:5      | Found a glowing golden altar of the Shining One.
  4650 | D:5      | Found a hazy altar of Hepliaklqana.
  4681 | D:5      | Reached XP level 8. HP: 52/64 MP: 8/8
  4762 | D:5      | Reached ** piety under Wu Jian
  4952 | D:6      | Noticed Eustachio
  4977 | D:5      | Reached skill level 8 in Long Blades
  5144 | D:6      | Noticed Duvessa
  5147 | D:6      | Noticed Dowan
  5161 | D:6      | Killed Duvessa
  5163 | D:6      | Killed Dowan
  5328 | D:6      | Killed Eustachio
  5484 | D:6      | Found a shimmering altar of Xom.
  5588 | D:6      | Reached skill level 9 in Long Blades
  5869 | D:5      | Reached XP level 9. HP: 31/72 MP: 9/9
  6512 | D:6      | Found a sparkling altar of Nemelex Xobeh.
  6682 | D:7      | Found a staircase to the Ecumenical Temple.
  6796 | D:7      | Noticed Menkaure
  6885 | D:7      | Reached skill level 10 in Long Blades
  7694 | D:8      | Noticed Jeremiah
  7734 | D:8      | Reached skill level 1 in Evocations
  7776 | D:8      | Killed Jeremiah
  8152 | D:8      | Reached skill level 11 in Long Blades
  8180 | D:8      | Reached *** piety under Wu Jian
  8219 | D:7      | Reached XP level 10. HP: 34/81 MP: 10/10
  9060 | D:8      | Found a white marble altar of Elyvilon.
  9657 | D:9      | Found a broken altar of Ashenzari.
  9658 | D:9      | Found a shimmering blue altar of Sif Muna.
  9704 | D:9      | Reached skill level 5 in Evocations
  9718 | D:9      | Found a staircase to the Lair.
  9929 | D:9      | Reached **** piety under Wu Jian
  9996 | D:9      | Found a basalt altar of Yredelemnul.
  9996 | D:9      | Identified the +0 robe of Ennui {Regen+ rCorr SInv}
 10009 | D:9      | Noticed Joseph
 10099 | D:9      | Reached skill level 12 in Long Blades
 10150 | D:9      | Killed Joseph
 10225 | D:9      | Noticed Amaemon
 10225 | D:9      | Noticed an orange demon
 10268 | D:9      | HP: 4/83 [Amaemon/-1 demon whip of venom (16)]
 10273 | D:9      | HP: 4/83 [poisoned by Amaemon]
 10275 | D:9      | Killed Amaemon
 10277 | D:9      | Slain by an orange demon

Illustrated notes

Levels and vault maps discovered:
D:1:      scummos_arrival_simple_fountains, layout_basic,
          amcnicky_mini_corridor_feature
D:2:      layout_basic, grunt_decor_one_mirror, uniq_sigmund
D:3:      layout_rooms, mainiacjoe_overflow_brackets
D:4:      layout_basic
D:5:      layout_cave_pools, mainiacjoe_overflow_cross_hatched,
          nicolae_tso_besieged_by_evil
D:6:      layout_cave_pools, dk_xom_monty_hall, nicolae_overflow_crystal_walls,
          uniq_eustachio, uniq_duvessa
D:7:      layout_gridville, minmay_temple_entry_statues_pillars,
          serial_library_regret_index_double_sided, uniq_crazy_yiuf_cottage,
          uniq_menkaure
D:8:      layout_rooms, lemuel_crystal_altar, uniq_jeremiah
D:9:      layout_roguey, grunt_temple_overflow_open, lair_entry_dummy,
          roadster_capsule_ark_zombie, uniq_amaemon, uniq_joseph

Skill      XL: |  1  2  3  4  5  6  7  8  9 10 |
---------------+-------------------------------+-----
Long Blades    | 3 4 5 6 7 9 11 12 | 12.5
Fighting       | 4 5 6 7 8 9 |  9.4
Evocations     | 3 5 |  5.0
Dodging        | |  1.7
Stealth        | |  4.1

Action                     |  1- 3 |  4- 6 |  7- 9 | 10-12 || total
---------------------------+-------+-------+-------+-------++-------
  Melee: Falchion          |    82 |   172 |   295 |   181 ||   730
         Dagger            |    10 |    77 |   219 |       ||   306
         Short sword       |    64 |    93 |       |       ||   157
         Long sword        |       |       |    63 |   188 ||   251
  Throw: Dart              |       |     2 |     2 |       ||     4
Ability: Lunge             |       |    12 |    22 |    12 ||    46
         Whirlwind         |       |     8 |    43 |    14 ||    65
  Evoke: Wand              |       |       |     3 |     7 ||    10
    Use: Scroll            |       |     5 |     5 |     2 ||    12
         Potion            |       |     1 |     1 |     1 ||     3
   Stab: Sleeping          |     4 |     7 |     2 |     1 ||    14
         Paralysed         |       |       |     4 |       ||     4
         Distracted        |       |       |       |     2 ||     2
 Armour: Leather armour    |     8 |       |       |       ||     8
         Ring mail         |    32 |    88 |   193 |       ||   313
         Steam dragon scal |       |       |    10 |    68 ||    78
         Robe              |       |       |       |    44 ||    44
  Dodge: Dodged            |    38 |    93 |   126 |    85 ||   342

Table legend: (Time is in decaauts)
 A = Elapsed time spent in this place.
 B = Non-inter-level travel time spent in this place.
 C = Inter-level travel time spent in this place.
 D = Time resting spent in this place.
 E = Time spent auto-exploring this place.
 F = Levels seen in this place.
 G = Mean time per level.
                   A        B        C        D        E       F      G
               +--------+--------+--------+--------+--------+-----+--------+
         Total |  10205 |   9727 |    478 |   3401 |   3898 |   9 | 1133.9 |
       Dungeon |  10205 |   9727 |    478 |   3401 |   3898 |   9 | 1133.9 |
               +--------+--------+--------+--------+--------+-----+--------+

Top non-repeatable levels by time:
     D:4: 1869 daAuts
     D:5: 1682 daAuts
     D:8: 1298 daAuts
     D:7: 1236 daAuts
     D:9: 988 daAuts
     D:2: 938 daAuts
     D:6: 910 daAuts
     D:3: 675 daAuts
     D:1: 606 daAuts

Action                     |  1- 3 |  4- 6 |  7- 9 | 10-12 || total
---------------------------+-------+-------+-------+-------++-------
  Melee: Falchion          |    82 |   172 |   295 |   181 ||   730
         Dagger            |    10 |    77 |   219 |       ||   306
         Short sword       |    64 |    93 |       |       ||   157
         Long sword        |       |       |    63 |   188 ||   251
  Throw: Dart              |       |     2 |     2 |       ||     4
Ability: Lunge             |       |    12 |    22 |    12 ||    46
         Whirlwind         |       |     8 |    43 |    14 ||    65
  Evoke: Wand              |       |       |     3 |     7 ||    10
    Use: Scroll            |       |     5 |     5 |     2 ||    12
         Potion            |       |     1 |     1 |     1 ||     3
   Stab: Sleeping          |     4 |     7 |     2 |     1 ||    14
         Paralysed         |       |       |     4 |       ||     4
         Distracted        |       |       |       |     2 ||     2
 Armour: Leather armour    |     8 |       |       |       ||     8
         Ring mail         |    32 |    88 |   193 |       ||   313
         Steam dragon scal |       |       |    10 |    68 ||    78
         Robe              |       |       |       |    44 ||    44
  Dodge: Dodged            |    38 |    93 |   126 |    85 ||   342

Table legend: (Time is in decaauts)
 A = Elapsed time spent in this place.
 B = Non-inter-level travel time spent in this place.
 C = Inter-level travel time spent in this place.
 D = Time resting spent in this place.
 E = Time spent auto-exploring this place.
 F = Levels seen in this place.
 G = Mean time per level.
                   A        B        C        D        E       F      G
               +--------+--------+--------+--------+--------+-----+--------+
         Total |  10205 |   9727 |    478 |   3401 |   3898 |   9 | 1133.9 |
       Dungeon |  10205 |   9727 |    478 |   3401 |   3898 |   9 | 1133.9 |
               +--------+--------+--------+--------+--------+-----+--------+

Top non-repeatable levels by time:
     D:4: 1869 daAuts
     D:5: 1682 daAuts
     D:8: 1298 daAuts
     D:7: 1236 daAuts
     D:9: 988 daAuts
     D:2: 938 daAuts
     D:6: 910 daAuts
     D:3: 675 daAuts
     D:1: 606 daAuts
